 Dungeon Crawl Stone Soup version 0.30-a0-585-g93115170b9 (webtiles) character file.

Game seed: 8554292342959721821

1456 Farfigtubin the Cleaver (level 8, -8/70 HPs)
             Began as a Minotaur Fighter on Jan 1, 2023.
             Mangled by a boulder beetle (20 damage)
             ... on level 5 of the Dungeon.
             The game lasted 00:24:30 (4640 turns).

Farfigtubin the Cleaver (Minotaur Fighter)          Turns: 4640, Time: 00:24:30

Health: -8/70      AC: 13    Str: 22    XL:     8   Next: 47%
Magic:  7/7        EV:  7    Int:  5    God:
Gold:   382        SH:  5    Dex: 11    Spells: 7/7 levels left

rFire   . . .      SeeInvis .    a - +0 war axe
rCold   . . .      Faith    .    c - +0 buckler
rNeg    . . .      Spirit   .    y - +0 plate armour
rPois   .          Reflect  .    (helmet restricted)
rElec   .          Harm     .    (no cloak)
rCorr   .          Rampage  .    k - +0 pair of gloves
Will    .....                    g - +2 pair of boots Stlth
                                 (no amulet)
HPRegen 0.31/turn                (no ring)
MPRegen 0.10/turn                (no ring)

@: mighty, about to teleport, corroded
A: horns 2, retaliatory headbutt
a: no special abilities


You were on level 5 of the Dungeon.
You visited 1 branch of the dungeon, and saw 6 of its levels.

You collected 382 gold pieces.

Inventory:

Hand Weapons
 a - a +0 war axe (weapon)
Armour
 b - a +0 scale mail
 c - a +0 buckler (worn)
 g - a +2 pair of boots (worn)
 k - a +0 pair of gloves (worn)
 y - a +0 plate armour (worn)
Magical Staves
 p - a staff of air
Jewellery
 n - the ring "Wunu" {Ice +Blink rElec Str-2 Dex+6}
   (You found it on level 2 of the Dungeon)

   [ring of ice]

   It enhances your ice magic.
   Str:       It affects your strength (-2).
   Dex:       It affects your dexterity (+6).
   rF:        It makes you vulnerable to fire.
   rC:        It protects you from cold.
   rElec:     It insulates you from electricity.
   +Blink:    It lets you blink.
Wands
 r - a wand of acid (11)
Scrolls
 e - 3 scrolls of teleportation
 f - a scroll of immolation {unknown}
 h - a scroll of blinking {unknown}
 i - a scroll of magic mapping {unknown}
 j - a scroll of identify
 l - a scroll of fear {unknown}
 q - 2 scrolls of torment
 s - a scroll of vulnerability {unknown}
 t - a scroll of brand weapon {unknown}
 u - a scroll of enchant weapon {unknown}
 w - a scroll of amnesia {unknown}
Potions
 d - a potion of might
 m - a potion of magic {unknown}
 o - 2 potions of curing
 v - a potion of brilliance {unknown}
 x - a potion of attraction {unknown}


   Skills:
 + Level 5.9 Fighting
 + Level 8.4 Axes
 + Level 7.1 Armour
 + Level 3.1 Dodging
 + Level 5.8 Shields


You had 7 spell levels left.
You didn't know any spells.
Your spell library contained the following spells:

 Spells                   Type           Power      Damage    Failure   Level
 Magic Dart               Conj           0%         1d3       100%        1
 Searing Ray              Conj           0%         2d4       100%        2
 Static Discharge         Conj/Air       0%         2-2/arc   100%        2
 Vhi's Electric Charge    Tloc/Air       0%         N/A       100%        3
 Fulminant Prism          Conj/Hex       0%         3d5       100%        4
 Arcjolt                  Conj/Air       0%         1d10      100%        5
 Lightning Bolt           Conj/Air       0%         1d11      100%        5


Dungeon Overview and Level Annotations

Branches:
Dungeon (6/15)
 Temple: D:4-7

Altars:
Fedhas
Gozag
Yredelemnul

Annotations:
D:4 3 runed translucent doors, wormed's ghost, amateur KoDe
D:6 Grinder


Innate Abilities, Weirdness & Mutations

You have a pair of horns on your head.
You reflexively headbutt those who attack you in melee.


Message History

Your attack delay is about 1.1.
Your damage rating with your +0 war axe is about 18 (Base 11 x 130% (Str) x 127% (Skill)).
You climb downwards.
Level annotation: Grinder The boulder beetle barely misses you.
The orc hits you with a +0 morningstar! You block the black bear's attack.
The black bear claws you but does no damage. x2
The iguana barely misses you. You furiously retaliate!
You headbutt the iguana!
You kill the iguana!
The boulder beetle bites you! You block the orc's attack.
The black bear bites you.
The black bear claws you but does no damage. x2
There is a stone staircase leading up, spattered with blood here.
You block the boulder beetle's attack. The orc hits you with a +0 morningstar.
The black bear closely misses you. You furiously retaliate!
You headbutt the black bear!
The black bear claws you but does no damage.
You block the black bear's attack.
You climb upwards.
There is a stone staircase leading down here.
You slice the black bear!!
You kill the black bear!
You barely miss the boulder beetle. You slash the orc!
You kill the orc!
The boulder beetle bites you but does no damage.
Your Armour skill increases to level 7!
You hit the boulder beetle.
The boulder beetle is lightly wounded.
The boulder beetle bites you but does no damage.
You hit the boulder beetle. You headbutt the boulder beetle!
The boulder beetle is moderately wounded.
The boulder beetle bites you!!
* * * LOW HITPOINT WARNING * * *
You barely miss the boulder beetle.
You headbutt the boulder beetle, but do no damage.
The boulder beetle is moderately wounded.
You block the boulder beetle's attack.
As you read the scroll of teleportation, it crumbles to dust.
You feel strangely unstable. The boulder beetle bites you!!
You die...

.....#####.####.###>.......##.#
..#.)# #.# #.# #†..####.##.###
.....# #.# #.# #...####......#
.....# #.## #.# #...........#.#
.....#####[.###.# #.#.........#.#
<...............# #.########.##.#
....#######.#######.##### #.##..
....# #..[.))B)...).## #.####
...## ######@#####[..###.###.
.#.# ##.####†#####........#..
#### #.....).#...#........#..
#..## ##.####.#...#.#####..#..
....# #.# #.......# #..#.. _.⌠.##
#.# #.......# #..#.. .....#
####.# #.......#####..##.
#.)..###....######...##........##
#8...'...##.....##...##.#######..


You could see a boulder beetle.

Vanquished Creatures
  A hornet (D:5)
  Edmund (D:4)
  An orc warrior (D:5)
  A black bear (D:5)
  2 ogres (D:5)
  3 scorpions (D:5)
  3 orc priests
  A hound (D:4)
  A jelly (D:5)
  4 iguanas
  5 orc wizards
  12 adders
  A shadow imp (D:5)
  A white imp (D:5)
  An ufetubus (D:5)
  2 worms
  4 dart slugs
  16 orcs
  5 endoplasms
  4 giant cockroaches
  6 goblins
  4 hobgoblins
  4 jackals (D:5)
  5 quokkas
  8 ball pythons
  4 bats
  5 frilled lizards
  8 kobolds
  5 rats
118 creatures vanquished.

Vanquished Creatures (others)
  5 fungi (D:6)
5 creatures vanquished.

Grand Total: 123 creatures vanquished

Notes
Turn   | Place    | Note
-------+----------+-------------------------------------------
     0 | D:1      | Farfigtubin the Minotaur Fighter began the quest for the
                  | Orb.
     0 | D:1      | Reached XP level 1. HP: 19/19 MP: 0/0
   192 | D:1      | Reached XP level 2. HP: 27/27 MP: 1/1
   882 | D:2      | Reached XP level 3. HP: 26/33 MP: 2/2
   963 | D:2      | Reached skill level 3 in Axes
   991 | D:2      | Found a blossoming altar of Fedhas.
  1120 | D:2      | Reached XP level 4. HP: 21/40 MP: 3/3
  1122 | D:2      | Reached skill level 4 in Axes
  1231 | D:2      | Identified the ring "Wunu" {Ice +Blink rElec Str-2 Dex+6}
  1677 | D:3      | Reached XP level 5. HP: 27/46 MP: 4/4
  1781 | D:3      | Reached skill level 1 in Dodging
  2646 | D:4      | Noticed Edmund
  2661 | D:4      | Killed Edmund
  2662 | D:4      | Reached skill level 5 in Axes
  2662 | D:4      | Reached skill level 5 in Armour
  2662 | D:4      | Reached XP level 6. HP: 11/53 MP: 5/5
  3148 | D:4      | Found a runed translucent gate.
  3148 | D:4      | Found a runed translucent gate.
  3148 | D:4      | Found a runed translucent gate.
  3149 | D:4      | Noticed wormed's ghost (amateur KoDe)
  3362 | D:5      | Entered Level 5 of the Dungeon
  3371 | D:5      | Reached skill level 5 in Shields
  3403 | D:5      | Reached skill level 6 in Axes
  3403 | D:5      | Reached XP level 7. HP: 52/60 MP: 6/6
  3517 | D:5      | Reached skill level 5 in Fighting
  3898 | D:5      | Found an opulent altar of Gozag.
  3898 | D:5      | Found a basalt altar of Yredelemnul.
  4168 | D:6      | Identified the +2 leather armour of Mefeyck {rElec rC-
                  | Will+ rCorr}
  4261 | D:6      | Noticed Grinder
  4262 | D:6      | Paralysed by Grinder for 3 turns
  4285 | D:5      | Reached skill level 7 in Axes
  4466 | D:6      | Noticed a hornet
  4500 | D:5      | Reached XP level 8. HP: 36/69 MP: 7/7
  4623 | D:6      | Noticed a boulder beetle
  4631 | D:5      | Killed a hornet
  4632 | D:5      | Reached skill level 8 in Axes
  4640 | D:5      | Mangled by a boulder beetle

Illustrated notes

Levels and vault maps discovered:
D:1:      evilmike_arrival_hilbert_curve, layout_basic
D:2:      layout_basic, basic_altar
D:3:      layout_loops_corners, minmay_misc_feat_roman, lemuel_flame_loot_1
D:4:      layout_loops_ring, ebering_ghost_rock_garden, uniq_edmund
D:5:      layout_loops_ring, gammafunk_temple_overflow_pools,
          grunt_ministairs_10
D:6:      cheibrodos_fzero, layout_layer_cave, kennysheep_little_box,
          dreamdust_mushroom_princess, uniq_grinder, uniq_sigmund,
          uniq_crazy_yiuf_cottage

Skill      XL: |  1  2  3  4  5  6  7  8 |
---------------+-------------------------+-----
Armour         | 4 5 6 7 |  7.1
Fighting       | 4 5 |  5.9
Shields        | 4 5 |  5.8
Axes           | 3 4 5 6 7 8 |  8.4
Dodging        | 1 2 3 |  3.1

Action                   |  1- 3 |  4- 6 |  7- 9 || total
-------------------------+-------+-------+-------++-------
Melee: War axe           |    57 |   113 |    89 ||   259
       Headbutt          |     5 |    15 |    13 ||    33
  Use: Potion            |       |     1 |     2 ||     3
       Scroll            |       |       |     4 ||     4
Armor: Scale mail        |    84 |    70 |    47 ||   201
       Plate armour      |       |       |    21 ||    21
Dodge: Dodged            |    67 |    64 |    76 ||   207
Block: Buckler           |    27 |    38 |    39 ||   104

Table legend: (Time is in decaauts)
 A = Elapsed time spent in this place.
 B = Non-inter-level travel time spent in this place.
 C = Inter-level travel time spent in this place.
 D = Time resting spent in this place.
 E = Time spent auto-exploring this place.
 F = Levels seen in this place.
 G = Mean time per level.
                   A        B        C        D        E       F      G
               +--------+--------+--------+--------+--------+-----+--------+
         Total |   4724 |   4651 |     73 |    552 |   1800 |   6 |  787.3 |
       Dungeon |   4724 |   4651 |     73 |    552 |   1800 |   6 |  787.3 |
               +--------+--------+--------+--------+--------+-----+--------+

Top non-repeatable levels by time:
     D:3: 1159 daAuts
     D:5: 1113 daAuts
     D:1: 807 daAuts
     D:4: 778 daAuts
     D:2: 673 daAuts
     D:6: 191 daAuts
